 Dungeon Sprint DCSS version 0.30-a0-51-g784eafce7f (webtiles) character file.

Game seed: 3361039836664476573

1810 Ankalagon the Cruncher (level 9, 0/91 HPs)
             Began as a Naga Gladiator on Sept 5, 2022.
             Was an Initiate of Nemelex Xobeh.
             Slain by a yaktaur (16 damage)
             ... in the Dungeon (Sprint II: "The Violet Keep of Menkaure").
             The game lasted 00:07:29 (1178 turns).

Ankalagon the Cruncher (Naga Gladiator)             Turns: 1178, Time: 00:07:29

Health: 0/91       AC:  8    Str: 16    XL:     9   Next: 10%
Magic:  10/14      EV: 13    Int: 10    God:    Nemelex Xobeh [......]
Gold:   2          SH:  0    Dex: 16    Spells: 8/8 levels left

rFire   . . .      SeeInvis +    a - +0 quarterstaff
rCold   . . .      Faith    .    (shield currently unavailable)
rNeg    . . .      Spirit   .    b - +0 leather armour
rPois   +          Reflect  .    c - +0 helmet
rElec   .          Harm     .    l - +1 cloak {rCorr}
rCorr   +          Rampage  .    j - +0 pair of gloves
Will    +....      NoTele   +    (no barding)
Stlth   +.........               m - amulet of regeneration
HPRegen 1.05/turn                (no ring)
MPRegen 0.14/turn                (no ring)

@: hasted, quick
A: AC +3, large, see invisible, deformed body, poison resistance, slowness 2,
spit poison 1, naga tail 1
a: Spit Poison, Renounce Religion, Draw Escape, Draw Destruction, Draw Summoning


You were in the Dungeon.
You worshipped Nemelex Xobeh.
Nemelex Xobeh was noncommittal.
You visited 1 branch You collected 729 gold pieces.
You spent 727 gold pieces at shops.

Inventory:

Hand Weapons
 a - a +0 quarterstaff (weapon)
Missiles
 e - a javelin (quivered)
Armour
 b - a +0 leather armour (worn)
 c - a +0 helmet (worn)
 j - a +0 pair of gloves (worn)
 l - a +1 cloak of preservation (worn)
Jewellery
 m - an amulet of regeneration (around neck)
Potions
 i - 2 potions of magic


   Skills:
 + Level 9.3 Fighting
 - Level 14.0 Staves
 - Level 1.7 Throwing
 + Level 8.0 Dodging
 + Level 7.3 Invocations


You had 8 spell levels left.
You didn't know any spells.
Your spell library was empty.

Dungeon Overview and Level Annotations

Branches:
Dungeon (1/1)

Altars:
Cheibriados
Dithmenos
Elyvilon
Fedhas
Gozag
Hepliaklqana
Kikubaaqudgha
Makhleb
Nemelex Xobeh
Okawaru
Qazlal
Ru
Sif Muna
Trog
Uskayaw
Vehumet
Wu Jian
Xom
Yredelemnul
Zin
The Shining One
Jiyva
Lugonu

Shops:
D ::(!!=?=?[[[::=

Annotations:
D exclusion: oklob plant


Innate Abilities, Weirdness & Mutations

Your serpentine skin is tough. (AC +3)
You have supernaturally acute eyesight. (SInv)
Armour fits poorly on your strangely shaped body.
Your system is resistant to poisons. (rPois)
You cover ground very slowly.
You can spit poison.
You have a snake-like lower body.


Message History

Unknown command.
Press < or > to pray at altars.
You catch the helpless polar bear completely off-guard!
You hit the polar bear but do no damage.
You hit the polar bear.
The polar bear is lightly wounded.
The polar bear struggles against the net.
The yaktaur misses you.
You hit the polar bear but do no damage.
The polar bear is lightly wounded.
You sock the polar bear!
The polar bear is moderately wounded.
The polar bear struggles against the net.
The yaktaur hits you but does no damage.
You thump the polar bear!
The polar bear is severely wounded.
You hit the polar bear but do no damage.
The polar bear is severely wounded.
The polar bear struggles against the net.
The yaktaur hits you.
* * * LOW HITPOINT WARNING * * *
You sock the polar bear!
The polar bear is almost dead.
You hit the polar bear but do no damage.
The polar bear is almost dead.
You hit the polar bear.
The polar bear is almost dead.
The polar bear goes berserk!
The polar bear struggles against the net.
The yaktaur hits you!
* * * LOW HITPOINT WARNING * * *
You hit the polar bear.
The polar bear is almost dead.
You hit the polar bear but do no damage.
The polar bear is almost dead.
You sock the polar bear!
You kill the polar bear!
The yaktaur hits you!
You die...
Your body disappears without a glow.

..#....###.^.##▓▓▓▓▓
.##......~~~~~~~~~~~~
##~~.....~#†########+###
~~~~~~~..~#_._..(..#§~~##
§§~§~~~~.~#._._....#~~§§##
§~≈§≈§~~~~#_._._...#~§§§≈#
§~§≈§≈≈~~~#._._._..#§§§§≈≈
#§§≈≈≈≈≈≈~#_._._†_.#S§§§~§
##§§§###≈≈#._._c@._#S~§§≈~
§§ #§≈#.._._._.#S~§§§≈
#≈§#._._._..#~≈≈≈▓
≈≈≈##########~≈§§▓z
##~~~~~~~~~≈≈§≈▓z
##~########≈▓▓▓▓▓ ##~ ▓▓
°+


You could see a yaktaur and 3 water moccasins.

Vanquished Creatures
  A death drake (D)
  A hornet (D)
  3 polar bears (D)
  Menkaure (D)
  A water moccasin (D)
  A swamp drake (D)
  4 necrophages (D)
  4 scorpions (D)
  3 worms (D)
19 creatures vanquished.

Vanquished Creatures (others)
  A water moccasin (D)
1 creature vanquished.

Grand Total: 20 creatures vanquished

Notes
Turn   | Place    | Note
-------+----------+-------------------------------------------
     0 | D        | Ankalagon the Naga Gladiator began the quest for the Orb.
     0 | D        | Reached XP level 1. HP: 19/19 MP: 1/1
     6 | D        | Reached skill level 4 in Staves
    12 | D        | Reached XP level 2. HP: 12/26 MP: 2/2
    80 | D        | Killed a water moccasin
   193 | D        | Found Fyjen's Magic Scroll Boutique.
   193 | D        | Found Biokastre's Jewellery Shop.
   193 | D        | Found Vaxank's Antique Armour Shop.
   193 | D        | Found Eqauc's Book Shop.
   193 | D        | Found Maosheac's Magic Scroll Boutique.
   194 | D        | Found Wualoav's Jewellery Shop.
   194 | D        | Found Xucsyxt's Book Boutique.
   194 | D        | Found Eseajy Hunk's Antique Armour Shop.
   194 | D        | Found Wytihom's Jewellery Boutique.
   194 | D        | Found Bajyatal's Distillery.
   194 | D        | Found Kogiewa's Distillery.
   200 | D        | Reached skill level 5 in Staves
   299 | D        | Noticed a scorpion
   299 | D        | Noticed a scorpion
   302 | D        | Killed a scorpion
   303 | D        | Reached skill level 8 in Staves
   303 | D        | Reached XP level 3. HP: 32/32 MP: 3/3
   303 | D        | Reached XP level 4. HP: 39/39 MP: 4/4
   308 | D        | Killed a scorpion
   309 | D        | Reached skill level 10 in Staves
   309 | D        | Reached XP level 5. HP: 41/45 MP: 5/5
   424 | D        | Reached skill level 11 in Staves
   430 | D        | Reached skill level 12 in Staves
   430 | D        | Reached XP level 6. HP: 39/52 MP: 6/6
   533 | D        | Reached skill level 13 in Staves
   548 | D        | Reached skill level 14 in Staves
   556 | D        | Reached XP level 7. HP: 30/64 MP: 7/7
   721 | D        | Found Ewnevon's Armour Shop.
   721 | D        | Found Ahuyn's Antique Weapon Shop.
   721 | D        | Found Keess's Book Boutique.
   723 | D        | Noticed a fire dragon
   723 | D        | Noticed an oklob plant
   723 | D        | Noticed a yak
   724 | D        | Found Erchus's Book Shoppe.
   724 | D        | Noticed a yak
   724 | D        | Noticed a yak
   743 | D        | Reached skill level 5 in Fighting
   757 | D        | Noticed Menkaure
   761 | D        | Killed Menkaure
   979 | D        | Bought a pair of gloves for 112 gold pieces
   988 | D        | Bought a runed cloak for 195 gold pieces
   999 | D        | Bought an amulet of regeneration for 420 gold pieces
  1018 | D        | Noticed a boulder beetle
  1018 | D        | Noticed a boulder beetle
  1028 | D        | Found a radiant altar of Vehumet.
  1028 | D        | Found an iron altar of Okawaru.
  1029 | D        | Found a sparkling altar of Nemelex Xobeh.
  1029 | D        | Found a hide-covered altar of Uskayaw.
  1029 | D        | Found a glowing silver altar of Zin.
  1030 | D        | Found an opulent altar of Gozag.
  1030 | D        | Found a burning altar of Makhleb.
  1030 | D        | Found a bloodstained altar of Trog.
  1031 | D        | Found a blossoming altar of Fedhas.
  1031 | D        | Found a corrupted altar of Lugonu.
  1031 | D        | Found a basalt altar of Yredelemnul.
  1031 | D        | Found a shimmering blue altar of Sif Muna.
  1033 | D        | Found a white marble altar of Elyvilon.
  1033 | D        | Found an ancient bone altar of Kikubaaqudgha.
  1034 | D        | Found a shadowy altar of Dithmenos.
  1034 | D        | Found a viscous altar of Jiyva.
  1035 | D        | Found a snail-covered altar of Cheibriados.
  1035 | D        | Noticed a crystal guardian
  1037 | D        | Noticed a death drake
  1066 | D        | Reached skill level 5 in Dodging
  1091 | D        | Found a shimmering altar of Xom.
  1091 | D        | Found a sacrificial altar of Ru.
  1094 | D        | Found a hazy altar of Hepliaklqana.
  1094 | D        | Noticed a hornet
  1094 | D        | Noticed a polar bear
  1094 | D        | Noticed a polar bear
  1094 | D        | Noticed a yaktaur
  1094 | D        | Noticed a polar bear
  1095 | D        | Found a glowing golden altar of the Shining One.
  1095 | D        | Found an ornate altar of the Wu Jian Council.
  1095 | D        | Found a stormy altar of Qazlal.
  1101 | D        | Became a worshipper of Nemelex Xobeh the Trickster
  1133 | D        | Killed a death drake
  1134 | D        | Reached skill level 5 in Invocations
  1134 | D        | Reached XP level 8. HP: 53/81 MP: 7/11
  1141 | D        | Killed a hornet
  1149 | D        | Noticed a flying skull
  1149 | D        | Noticed a flying skull
  1155 | D        | Killed a polar bear
  1162 | D        | Killed a polar bear
  1163 | D        | Reached XP level 9. HP: 10/91 MP: 9/14
  1178 | D        | Killed a polar bear
  1178 | D        | Slain by a yaktaur

Illustrated notes

Levels and vault maps discovered:
D:        the_violet_keep_of_menkaure [sprint2_stairs_cluster_1,
          sprint2_shoproom, sprint2_temple, sprint2_basic_supplies,
          sprint2_obstacle_4, sprint2_obstacle_3, sprint2_obstacle_2,
          sprint2_obstacle_1, sprint2_obstacle_7, sprint2_timed_cluster_1,
          sprint2_smallroom_cluster_1, sprint2_smallroom_final_cluster_1,
          sprint2_transparent_cluster_1, sprint2_second_timed_cluster_1,
          sprint2_sniper_area_1, sprint2_heavy_combat_area_1,
          sprint2_mutation_trap_area_1, sprint2_forest_area_1,
          sprint2_light_combat_area_1, sprint2_behind_water_1,
          sprint2_near_end_vault_1]

Skill      XL: |  1  2  3  4  5  6  7  8 |
---------------+-------------------------+-----
Staves         | 4 8 10 12 14 | 14.0
Fighting       | 4 8 9 |  9.3
Dodging        | 3 7 8 |  8.0
Invocations    | 5 7 |  7.3
Throwing       | |  1.7

Action                   |  1- 3 |  4- 6 |  7- 9 || total
-------------------------+-------+-------+-------++-------
Melee: Quarterstaff      |    11 |    56 |    83 ||   150
Throw: Throwing net      |       |       |     4 ||     4
 Abil: Spit Poison       |     4 |     1 |     2 ||     7
  Use: Potion            |     1 |       |     3 ||     4
       Scroll            |       |       |     1 ||     1
 Stab: Held in net/web   |       |       |     2 ||     2
Armor: Leather armour    |     1 |     5 |    23 ||    29
Dodge: Dodged            |     3 |    22 |    22 ||    47

Table legend: (Time is in decaauts)
 A = Elapsed time spent in this place.
 B = Non-inter-level travel time spent in this place.
 C = Inter-level travel time spent in this place.
 D = Time resting spent in this place.
 E = Time spent auto-exploring this place.
 F = Levels seen in this place.
 G = Mean time per level.
                   A        B        C        D        E       F      G
               +--------+--------+--------+--------+--------+-----+--------+
         Total |   1193 |   1193 |      0 |    806 |      0 |   1 | 1193.0 |
       Dungeon |   1193 |   1193 |      0 |    806 |      0 |   1 | 1193.0 |
               +--------+--------+--------+--------+--------+-----+--------+

Top non-repeatable levels by time:
       D: 1193 daAuts
